 Dungeon Crawl Stone Soup version 0.23.2-1-ga50397a (webtiles) character file.

Game seed: 11810131341162867346

36 Fang the Skirmisher (level 3, 0/24 HPs)
             Began as a Gargoyle Berserker on May 17, 2019.
             Was a Believer of Trog.
             Slain by a quokka (1 damage)
             ... on level 2 of the Dungeon.
             The game lasted 00:00:40 (727 turns).

Fang the Skirmisher (Gargoyle Berserker)             Turns: 727, Time: 00:00:41

Health: 0/24       AC:  5    Str: 21    XL:     3   Next: 37%
Magic:  3/3        EV: 12    Int:  7    God:    Trog [**....]
Gold:   104        SH:  0    Dex:  9    Spells: 2/2 levels left

rFire    . . .     SeeInvis .   a - +0 hand axe
rCold    . . .     Gourm    .   (no shield)
rNeg     + . .     Faith    .   b - +0 animal skin
rPois    ∞         Spirit   .   (no helmet)
rElec    +         Reflect  .   (no cloak)
rCorr    .         Harm     .   (no gloves)
MR       .....                  (no boots)
Stlth    +.........             (no amulet)
HPRegen  0.08/turn              (no ring)
MPRegen  0.08/turn              (no ring)

@: berserk cooldown, slowed, very slow
A: negative energy resistance 1, electricity resistance, unbreathing,
petrification resistance, rot immunity, AC +3
a: Berserk, Trog's Hand, Renounce Religion


You were on level 2 of the Dungeon.
You worshipped Trog.
Trog was pleased with you.
You were not hungry.

You visited 1 branch of the dungeon, and saw 2 of its levels.

You collected 104 gold pieces.

Inventory:

Hand Weapons
 a - a +0 hand axe (weapon)
Armour
 b - a +0 animal skin (worn)
Scrolls
 e - a scroll of magic mapping {unknown}
 g - a scroll of random uselessness {unknown}
 h - 2 scrolls of remove curse {unknown}
 i - 2 scrolls of identify {unknown}
 k - a scroll of enchant armour {unknown}
Potions
 f - 2 potions of heal wounds {unknown}
 j - a potion of brilliance {unknown}
Comestibles
 c - 5 rations
 d - 5 chunks of flesh


   Skills:
 + Level 3.7 Fighting
 + Level 3.1 Axes
 + Level 2.7 Armour
 + Level 2.0 Dodging


You had 2 spell levels left.
You didn't know any spells.
Your spell library was empty.

Dungeon Overview and Level Annotations

Branches:
Dungeon (2/15)

Altars:

Annotations:
D:2 Jessica


Innate Abilities, Weirdness & Mutations

You are resistant to torment.
Your stone body is resilient. (AC +3)
You are immune to poison.
You resist negative energy. (rN+)
You are resistant to electric shocks. (rElec)
You can survive without breathing.
You are immune to petrification.
You are immune to rotting.


Message History

The leopard gecko hisses menacingly.
The leopard gecko barely misses you.
The quokka bites you but does no damage.
The leopard gecko closely misses you. Jessica barely misses you.
The quokka bites you but does no damage.
Unknown command.
You closely miss the quokka. You hit the leopard gecko.
You hit Jessica but do no damage.
The leopard gecko bites you but does no damage.
Jessica hits you.
* * * LOW HITPOINT WARNING * * *
The quokka closely misses you.
The leopard gecko bites you but does no damage.
Jessica closely misses you.
You completely miss the quokka. You hit Jessica. You hit the leopard gecko.
You kill the leopard gecko!
Trog accepts your kill.
You barely miss the leopard gecko. The quokka barely misses you.
The leopard gecko barely misses you. The quokka bites you.
You die...

#.#.#< #.#...
#.##.# #.##.####
#.#.....#
#.#.....#
#####.#...†l###.#
#..!......@r....#
#.#.###....@###.#
#.#$# ###.......
#.#.# ########
#.#.# #.#..#
#.##.# #.##.#
#.##.#


You could see Jessica, a leopard gecko and a quokka.

Vanquished Creatures
  A worm (D:2)
  2 dart slugs (D:1)
  2 leopard geckos
  7 bats
  A giant cockroach (D:2)
  A goblin (D:1)
  4 hobgoblins (D:1)
  3 kobolds
  A quokka (D:2)
  2 frilled lizards (D:1)
  A rat (D:2)
25 creatures vanquished.

Notes
Turn   | Place    | Note
-------+----------+-------------------------------------------
     0 | D:1      | Fang the Gargoyle Berserker began the quest for the Orb.
     0 | D:1      | Reached XP level 1. HP: 14/14 MP: 1/1
   112 | D:1      | Reached XP level 2. HP: 17/19 MP: 2/2
   621 | D:2      | Reached XP level 3. HP: 23/23 MP: 3/3
   654 | D:2      | Reached ** piety under Trog
   720 | D:2      | Noticed Jessica
   726 | D:2      | HP: 1/24 [Jessica (1)]
   727 | D:2      | Slain by a quokka

Skill      XL: |  1  2  3 |
---------------+----------+-----
Axes           | 3 |  3.1
Dodging        | 2 |  2.0
Fighting       | |  3.7
Armour         | |  2.7

Action                   || total
-------------------------++-------
Melee: Hand axe          ||    84
Invok: Berserk           ||     1
 Stab: Sleeping          ||     1
Armor: Animal skin       ||    35
Dodge: Dodged            ||    68
